[Event "Titled Tuesday Blitz May 30 Late 2023"]
[White "Manu_ChessExcelsior"]
[Black "MariusBieliauskas"]
[WhiteElo "2073"]
[BlackElo "2470"]
[Result "1/2-1/2"]
[Round "06"]
[TimeControl "180+2"]
[Date "2023.05.31"]
[WhiteClock "0:00:26"]
[BlackClock "0:00:38"]

1. e4 c5 2. Nf3 d6 3. Bb5+ Bd7 4. Bxd7+ Qxd7 5. O-O Nc6 6. Re1 Nf6 7. c3 e6 8. d4 cxd4 9. cxd4 d5 10. e5 Ne4 11. Nbd2 Nxd2 12. Bxd2 Be7 13. Rc1 O-O 14. a3 Rac8 15. Rc3 Bd8 16. Rd3 Ne7 17. Bc3 b5 18. Ng5 Nf5 19. Qh5 Bxg5 20. Qxg5 Qe7 21. Qf4 Qh4 22. Qd2 Rc4 23. Rh3 Qg4 24. f3 Qg6 25. Kh1 f6 26. g4 Ne7 27. Bb4 Rc7 28. Bd6 Rd7 29. Qe2 fxe5 30. Bxe5 a6 31. f4 Nc6 32. Rc3 Nxe5 33. Qxe5 Qxg4 34. Qxe6+ Qxe6 35. Rxe6 Rxf4 36. Rxa6 Rxd4 37. Rf3 g5 38. Rb6 Rd1+ 39. Kg2 Rd2+ 40. Rf2 Rxf2+ 41. Kxf2 Kf7 42. Rxb5 Ke6 43. Ke3 Ke5 44. b4 Ra7 45. Ra5 Rxa5 46. bxa5 Kd6 47. Kd4 h5 48. a6 Kc6 49. a7 Kb7 50. Kxd5 g4 51. Ke4 h4 52. Kf4 g3 53. hxg3 hxg3 54. Kxg3 Kxa7 55. Kf3 Ka8 56. Ke3 Kb8 57. Kd3 Ka8 58. Kc3 Kb8 59. Kb4 Ka8 60. a4 Kb8 61. a5 Ka8 62. Kb5 Kb8 63. a6 Ka7 64. Ka5 Kb8 65. Kb6 Ka8 66. Kb5 Ka7 67. Ka5 Ka8 68. Kb6 Kb8 69. a7+ Ka8 70. Kb5 Kxa7 1/2-1/2


[Site "https://www.chess.com"]

[Event "Titled Tuesday Blitz May 30 Late 2023"]
[White "Baidetskyi, Valentin"]
[Black "Shapiro, Viktor"]
[WhiteFideId "14142317"]
[BlackFideId "4175700"]
[WhiteElo "2490"]
[BlackElo "2152"]
[Result "1-0"]
[Round "06"]
[TimeControl "180+2"]
[Date "2023.05.31"]
[WhiteClock "0:00:09"]
[BlackClock "0:00:17"]

1. e4 c5 2. Nf3 d6 3. d4 cxd4 4. Nxd4 Nf6 5. Nc3 a6 6. Bd3 e5 7. Nde2 Be6 8. O-O Be7 9. Ng3 O-O 10. Nd5 Bxd5 11. exd5 g6 12. c4 Nbd7 13. b3 Nc5 14. Bb2 Nfd7 15. Bc2 b5 16. b4 Nb7 17. cxb5 axb5 18. Bd3 Qb6 19. Qe2 Nf6 20. Qf3 Rac8 21. Rac1 Rfe8 22. a3 h5 23. Rfd1 h4 24. Nf1 Kg7 25. Ne3 Nh5 26. Rc6 Rxc6 27. dxc6 Nd8 28. Rc1 Nf6 29. c7 Ne6 30. c8=Q Rxc8 31. Rxc8 Nf4 32. Bf1 d5 33. Ng4 d4 34. Nxf6 Qxf6 35. Qe4 Qe6 36. Rc1 Bf6 37. Qc6 Qf5 38. Qxb5 Qg5 39. Kh1 h3 40. gxh3 Nd3 41. Qxd3 Qf4 42. Qg3 Qf5 43. Re1 e4 44. Qg4 Qxg4 45. hxg4 d3 46. Bxf6+ Kxf6 47. Bxd3 exd3 48. Rd1 Kg5 49. Rxd3 Kxg4 50. b5 f5 51. b6 f4 52. b7 g5 53. b8=Q Kh4 54. Qg8 g4 55. Qh7+ Kg5 56. Rd5+ 1-0


[Site "https://www.chess.com"]

[Event "Titled Tuesday Blitz May 30 Late 2023"]
[White "Mazurkiewicz, Michal"]
[Black "Simonian, Hrair"]
[WhiteFideId "1124943"]
[BlackFideId "13302337"]
[WhiteElo "2054"]
[BlackElo "2447"]
[Result "0-1"]
[Round "06"]
[TimeControl "180+2"]
[Date "2023.05.31"]
[WhiteClock "0:00:02"]
[BlackClock "0:00:47"]

1. e4 c5 2. Nf3 e6 3. d3 Nc6 4. g3 d5 5. Nbd2 Bd6 6. Bg2 Nge7 7. O-O O-O 8. Re1 Bc7 9. b3 b5 10. Bb2 a5 11. a4 b4 12. h4 d4 13. Nc4 e5 14. h5 h6 15. Nh4 Be6 16. Bc1 Qd7 17. f4 Bg4 18. Bf3 Bxf3 19. Qxf3 f5 20. exf5 Nxf5 21. Ng6 exf4 22. Nxf8 Rxf8 23. Bxf4 Nh4 24. Qe4 Bxf4 25. gxh4 Qg4+ 26. Qg2 Qxh4 27. Re4 Ne7 28. Rf1 Nd5 29. Re5 Bh2+ 30. Qxh2 Rxf1+ 31. Kxf1 Ne3+ 32. Rxe3 Qxh2 33. Re2 Qxh5 34. Re5 Qd1+ 35. Kf2 Qxc2+ 36. Re2 Qxd3 37. Ne5 Qxb3 38. Nd7 c4 39. Re8+ Kf7 40. Rd8 Qxa4 41. Ne5+ Ke6 42. Nxc4 Qa2+ 43. Kg3 Qxc4 0-1


[Site "https://www.chess.com"]

[Event "Titled Tuesday Blitz May 30 Late 2023"]
[White "Mickiewicz, Piotr"]
[Black "Cruz, Jonathan"]
[WhiteFideId "1114891"]
[BlackFideId "3802124"]
[WhiteElo "2246"]
[BlackElo "2407"]
[Result "0-1"]
[Round "06"]
[TimeControl "180+2"]
[Date "2023.05.31"]
[WhiteClock "0:00:05"]
[BlackClock "0:00:06"]

1. e4 c6 2. Nf3 d5 3. Nc3 dxe4 4. Nxe4 g6 5. d4 Bg7 6. h3 Nd7 7. Bc4 Nb6 8. Bb3 Nf6 9. Nxf6+ Bxf6 10. Bh6 a5 11. a4 Nd5 12. O-O Be6 13. Re1 Qb6 14. Rxe6 fxe6 15. Qe2 O-O-O 16. Qxe6+ Kb8 17. Rd1 Ka8 18. Ne5 Nc7 19. Qg4 Bxe5 20. dxe5 Rxd1+ 21. Qxd1 Nd5 22. Bg5 Rf8 23. Qd2 e6 24. g3 Rf5 25. Bxd5 cxd5 26. Bf6 d4 27. g4 Rf3 28. Kg2 Qc6 29. Qxa5+ Kb8 30. Qd8+ Ka7 31. Qa5+ Kb8 32. Qd8+ Ka7 33. Qxd4+ Ka6 34. Kh2 Qxc2 35. Bh4 Rd3 36. Qb4 Qc6 37. Bg3 Rd1 38. Qb5+ Qxb5 39. axb5+ Kxb5 40. Bf4 Kc6 41. Kg3 Kd5 42. Kh4 Rf1 43. Bg3 h6 44. f4 Rb1 45. f5 gxf5 46. gxf5 exf5 47. Kh5 Rxb2 48. Kxh6 Rb3 49. Bf4 Rxh3+ 50. Kg5 Ke6 51. Kg6 Rd3 52. Bg5 b5 53. Bf6 b4 54. Kg5 b3 55. Kf4 b2 0-1


[Site "https://www.chess.com"]

[Event "Titled Tuesday Blitz May 30 Late 2023"]
[White "Najer, Evgeniy"]
[Black "Skaric, Djuro"]
[WhiteFideId "4118987"]
[BlackFideId "934569"]
[WhiteElo "2545"]
[BlackElo "2282"]
[Result "0-1"]
[Round "06"]
[TimeControl "180+2"]
[Date "2023.05.31"]
[WhiteClock "0:00:01"]
[BlackClock "0:00:21"]

1. d4 d6 2. e4 g6 3. Nc3 Bg7 4. Be3 Nf6 5. h3 O-O 6. g4 Nc6 7. f4 e5 8. dxe5 dxe5 9. f5 Nd4 10. Nf3 c5 11. Bg2 Re8 12. O-O b5 13. Ne2 Bb7 14. Nd2 gxf5 15. gxf5 Kh8 16. c3 Nxe2+ 17. Qxe2 Qc7 18. Qxb5 Rg8 19. Kh2 a5 20. Qxc5 Qxc5 21. Bxc5 Bh6 22. Be7 Nh5 23. Nc4 Rae8 24. Bh4 Bf4+ 25. Rxf4 Nxf4 26. Bf6+ Rg7 27. Nd6 Rd8 28. Nxf7+ Kg8 29. Bxg7 Rd2 30. Bxe5 Rxg2+ 31. Kh1 Kxf7 32. Bxf4 Bxe4 0-1


[Site "https://www.chess.com"]

[Event "Titled Tuesday Blitz May 30 Late 2023"]
[White "egorchess95"]
[Black "Pein, Jonathan"]
[BlackFideId "417092"]
[WhiteElo "2659"]
[BlackElo "2151"]
[Result "1-0"]
[Round "06"]
[TimeControl "180+2"]
[Date "2023.05.31"]
[WhiteClock "0:00:15"]
[BlackClock "0:00:28"]

1. e4 e5 2. Nf3 d6 3. d4 exd4 4. Nxd4 Nf6 5. Nc3 g6 6. Bc4 Bg7 7. O-O O-O 8. f4 Re8 9. Nf3 c6 10. e5 Qb6+ 11. Kh1 Ng4 12. Qe2 d5 13. Bd3 Na6 14. Ng5 Nc5 15. e6 f5 16. h3 Nf6 17. Be3 Qxb2 18. Nxd5 Nxd5 19. Bxc5 Qxa1 20. Rxa1 Bxa1 21. Bc4 Nxf4 22. e7+ Kg7 23. Qe3 Nd5 24. Bd4+ Bxd4 25. Qxd4+ Nf6 26. Nxh7 Kxh7 27. Qxf6 Bd7 28. Bf7 Rg8 29. Bxg8+ Rxg8 30. Qd6 Be8 31. Qb8 b5 32. Qxa7 Kg7 33. Qc7 Kf7 34. Qd6 g5 35. Qe5 Bd7 36. Qc7 Kxe7 37. Qe5+ Be6 38. Qc5+ Kd7 39. a3 Bd5 40. Qa7+ Kd6 41. Kg1 g4 42. hxg4 Rxg4 43. Qb8+ Kc5 44. Qf8+ Kc4 45. Qb4# 1-0


[Site "https://www.chess.com"]

[Event "Titled Tuesday Blitz May 30 Late 2023"]
[White "Ansh M Shah"]
[Black "Bjelobrk, Igor"]
[WhiteFideId "25033379"]
[BlackFideId "4300726"]
[WhiteElo "2084"]
[BlackElo "2319"]
[Result "0-1"]
[Round "06"]
[TimeControl "180+2"]
[Date "2023.05.31"]
[WhiteClock "0:00:03"]
[BlackClock "0:00:12"]

1. d4 e6 2. c4 b6 3. Nf3 Bb7 4. g3 Bb4+ 5. Bd2 Bxf3 6. exf3 Bxd2+ 7. Qxd2 Nf6 8. Bg2 O-O 9. f4 d5 10. O-O Nc6 11. cxd5 Nxd5 12. Nc3 Nce7 13. Rad1 c6 14. Rc1 Qd7 15. Rfd1 Rfd8 16. Ne4 Rac8 17. Qc2 g6 18. Qa4 a5 19. Qb3 Nf5 20. Rc2 Kg7 21. Rcd2 Qe7 22. Nc3 Qb4 23. Qc2 Nf6 24. a3 Qe7 25. Na4 Qb7 26. Qb3 Rb8 27. Qc2 Rd6 28. b4 axb4 29. axb4 Qd7 30. Qc3 Nd5 31. Qb2 Nc7 32. d5+ Kg8 33. dxc6 Rxd2 34. Qxd2 Qe7 35. Qd7 Nb5 36. Qxe7 Nxe7 37. Rd7 Kf8 38. c7 Rc8 39. Rd8+ Kg7 40. Rxc8 Nxc8 41. Bb7 Nbd6 42. Ba6 Kf6 43. Nc3 Ke7 44. Nb5 Nxb5 45. Bxb5 Kd6 46. Be8 f6 47. Bf7 Ne7 48. h4 e5 49. fxe5+ fxe5 50. g4 Kxc7 51. Kg2 Nc6 52. b5 Nd4 53. Be8 Kd6 54. Kg3 Kc5 55. f4 Ne2+ 56. Kf3 Nxf4 57. Ke4 Kd6 58. h5 gxh5 59. gxh5 Ke6 60. h6 Kf6 61. Bc6 Ne6 62. Bd7 Ng5+ 63. Kd5 e4 64. Kd4 Kg6 65. Ke3 Kxh6 66. Bf5 Kg7 67. Kd4 h5 0-1


[Site "https://www.chess.com"]

[Event "Titled Tuesday Blitz May 30 Late 2023"]
[White "Zhao, Erick"]
[Black "Carrasco Miranda, Andres"]
[WhiteFideId "30946930"]
[BlackFideId "3405990"]
[WhiteElo "2591"]
[BlackElo "2183"]
[Result "1-0"]
[Round "06"]
[TimeControl "180+2"]
[Date "2023.05.31"]
[WhiteClock "0:01:59"]
[BlackClock "0:00:45"]

1. g3 Nf6 2. Bg2 g6 3. Nf3 Bg7 4. O-O O-O 5. d4 d5 6. c4 Nc6 7. c5 b6 8. cxb6 axb6 9. Nc3 Ne4 10. Bf4 Nxc3 11. bxc3 Bf5 12. Nd2 e5 13. dxe5 Bxe5 14. Bxe5 Nxe5 15. Nb3 Be4 16. f3 Bf5 17. f4 Nc4 18. Qxd5 Qxd5 19. Bxd5 Ne3 20. Bxa8 Nxf1 21. Kxf1 Rxa8 22. Nd4 Be4 23. a3 c5 24. Nb5 Rd8 25. Kf2 f5 26. c4 Rd2 27. Nc3 Rc2 28. Nxe4 fxe4 29. Rb1 Rxc4 30. Rxb6 Ra4 31. Rb3 Kf7 32. Rc3 Ke6 33. Rxc5 Rxa3 34. Re5+ Kf6 35. Rxe4 h5 36. Rb4 Rc3 37. Rb6+ Kf5 38. Rb5+ Kf6 39. Rb2 Kf5 40. Rb5+ Kf6 41. Kg2 Re3 42. Kf1 Ra3 43. Re5 Ra2 44. Kg2 Rb2 45. h3 Ra2 46. Kf3 Ra3+ 47. e3 Ra1 48. Rb5 Rf1+ 49. Kg2 Ra1 50. g4 h4 51. Rb6+ Kg7 52. Rb7+ Kf6 53. Rh7 Ke6 54. Rxh4 Kd5 55. Rh7 Ke4 56. Re7+ Kd3 57. Kg3 Ke2 58. Kh4 Kf3 59. Kg5 Rh1 60. Kxg6 Rxh3 61. g5 Kg4 62. f5 Rh5 63. Re4+ 1-0


[Site "https://www.chess.com"]

[Event "Titled Tuesday Blitz May 30 Late 2023"]
[White "Krishnan, Varun"]
[Black "Talbi, Chafik"]
[WhiteFideId "5054508"]
[BlackFideId "7903715"]
[WhiteElo "2591"]
[BlackElo "2186"]
[Result "1-0"]
[Round "06"]
[TimeControl "180+2"]
[Date "2023.05.31"]
[WhiteClock "0:00:05"]
[BlackClock "0:00:08"]

1. d4 c6 2. c4 d5 3. Nc3 Nf6 4. e3 e6 5. Nf3 a6 6. Qc2 Nbd7 7. Bd3 dxc4 8. Bxc4 b5 9. Bd3 Bb7 10. O-O c5 11. Qe2 Be7 12. e4 cxd4 13. Nd1 e5 14. b3 O-O 15. Nh4 Nc5 16. f3 Nxd3 17. Qxd3 Nxe4 18. fxe4 Bxh4 19. Nf2 Rc8 20. Qh3 Rc3 21. Qg4 g6 22. Ba3 Re8 23. Rad1 Rc2 24. Nd3 Bc8 25. Qf3 Qc7 26. Bd6 Qd7 27. Nxe5 Qe6 28. Nxf7 Bb7 29. Be5 h5 30. Qf4 Bd8 31. Qh6 Qxf7 32. Qh8# 1-0


[Site "https://www.chess.com"]

[Event "Titled Tuesday Blitz May 30 Late 2023"]
[White "Qiao, Cindy"]
[Black "Iskusnyh, Sergei"]
[WhiteFideId "2620243"]
[BlackFideId "4120027"]
[WhiteElo "1777"]
[BlackElo "2492"]
[Result "1-0"]
[Round "06"]
[TimeControl "180+2"]
[Date "2023.05.31"]
[WhiteClock "0:01:04"]
[BlackClock "0:00:07"]

1. d4 Nf6 2. Nf3 g6 3. Bf4 Bg7 4. Nc3 d5 5. Nb5 Na6 6. e3 O-O 7. h3 Ne4 8. Bd3 c6 9. Nc3 Nxc3 10. bxc3 Qa5 11. Qd2 c5 12. O-O Bd7 13. Rfb1 Bc6 14. Ne5 cxd4 15. exd4 Rac8 16. Nxc6 bxc6 17. Rb7 e5 18. Rxa7 exf4 19. Rxa6 Qc7 20. Rb1 Rce8 21. Rab6 c5 22. Rb7 Qc8 23. Be2 cxd4 24. cxd4 Bxd4 25. Qxd4 Rxe2 26. Qxd5 Qxc2 27. Qf3 Qxa2 28. Qxf4 Re6 29. Rb8 Rxb8 30. Rxb8+ Kg7 31. Qd4+ Kh6 32. Rg8 Qb1+ 33. Kh2 Qe4 34. Qg7+ Kg5 35. Qxf7 Rf6 36. Qb3 Rf7 37. Qxf7 1-0


[Site "https://www.chess.com"]

[Event "Titled Tuesday Blitz May 30 Late 2023"]
[White "Szente Varga, Fruzsina"]
[Black "Castaneda, Jhon David"]
[WhiteFideId "712264"]
[BlackFideId "4405048"]
[WhiteElo "1994"]
[BlackElo "2086"]
[Result "0-1"]
[Round "06"]
[TimeControl "180+2"]
[Date "2023.05.31"]
[WhiteClock "0:02:08"]
[BlackClock "0:02:28"]

1. e4 c5 2. Nf3 a6 3. b3 g6 4. Bb2 Nf6 5. e5 Nd5 6. c4 Nc7 7. d4 cxd4 8. Nxd4 Bg7 9. Nf3 Nc6 10. Be2 O-O 11. O-O d6 12. Qc2 Bf5 13. Bd3 Nb4 14. Qe2 Bxd3 0-1


[Site "https://www.chess.com"]

[Event "Titled Tuesday Blitz May 30 Late 2023"]
[White "Grinev, Valeriy"]
[Black "Kujawski, Adam"]
[WhiteFideId "14117517"]
[BlackFideId "1100920"]
[WhiteElo "2366"]
[BlackElo "2054"]
[Result "1-0"]
[Round "06"]
[TimeControl "180+2"]
[Date "2023.05.31"]
[WhiteClock "0:01:03"]
[BlackClock "0:00:05"]

1. Nf3 d5 2. c4 d4 3. d3 Nc6 4. g3 e5 5. Bg2 Bb4+ 6. Bd2 a5 7. O-O Bxd2 8. Nbxd2 Nf6 9. a3 a4 10. Rb1 O-O 11. b4 axb3 12. Rxb3 Nd7 13. Qb1 Nc5 14. Rb5 b6 15. Qa1 Bd7 16. Rfb1 Ra7 17. Rxc5 bxc5 18. Ne4 Qe7 19. Rb5 Rfa8 20. h4 Rxa3 21. Qb2 Ra2 22. Qc1 Ra1 23. Rb1 Rxb1 24. Qxb1 Nb4 25. Nxc5 Qxc5 26. Nxe5 Rd8 27. Nxd7 Rxd7 28. Qa1 Rd8 29. Bf3 g6 30. Qa4 h5 31. Kg2 Kg7 32. Qa1 Qd6 33. e3 Nxd3 34. Bd5 c5 35. exd4 Qf6 36. Qa7 Qxf2+ 37. Kh3 cxd4 38. Be4 Ne5 39. Qe7 Qf1+ 40. Bg2 Qf5+ 41. Kh2 Ng4+ 42. Kg1 Qf2+ 43. Kh1 Qe1+ 44. Qxe1 d3 45. Bd5 Rd7 46. Qc3+ Kh7 47. Kg2 Ne3+ 48. Kf3 Nxd5 49. cxd5 Rxd5 50. Qc4 Rf5+ 51. Ke3 Kg7 52. Qxd3 Kf6 53. Qd4+ Ke6 54. Qb6+ Ke5 55. Qc7+ Ke6 56. Qc8+ Ke5 57. Qe8+ Kf6 58. Qh8+ Ke6 59. Ke4 Ke7 60. Qa8 Ke6 61. Qe8+ Kf6 62. Qd8+ Ke6 63. Qb6+ Ke7 64. Qc6 Kf8 65. Qd6+ Kg7 66. Qd7 Kf6 67. Qc8 Ke7 68. Qxf5 gxf5+ 69. Kxf5 f6 70. Kg6 Ke6 71. Kxh5 Kf5 72. Kh6 Kg4 73. Kg6 Kxg3 74. h5 f5 75. Kxf5 Kh4 76. Kg6 1-0


[Site "https://www.chess.com"]

[Event "Titled Tuesday Blitz May 30 Late 2023"]
[White "Smiechu"]
[Black "Adewumi, Tanitoluwa"]
[BlackFideId "30966396"]
[WhiteElo "2349"]
[BlackElo "2579"]
[Result "0-1"]
[Round "06"]
[TimeControl "180+2"]
[Date "2023.05.31"]
[WhiteClock "0:00:01"]
[BlackClock "0:00:05"]

1. e4 c5 2. Nf3 e6 3. d4 cxd4 4. Nxd4 Nc6 5. Nc3 Qc7 6. Be3 a6 7. Bd3 Nf6 8. O-O Nxd4 9. Bxd4 Bc5 10. Bxc5 Qxc5 11. Kh1 O-O 12. f4 d6 13. Qf3 e5 14. fxe5 Qxe5 15. Nd5 Ng4 16. Qf4 Be6 17. Nc7 Rac8 18. Nxe6 Qxe6 19. c3 Ne5 20. Bc2 Qg6 21. Rad1 Nc4 22. Bb3 Ne5 23. Qf5 Qh6 24. Rd5 Rcd8 25. Rfd1 b5 26. a4 bxa4 27. Bxa4 Nc4 28. Bb3 Ne3 29. Qf2 Nxd1 30. Rxd1 Rb8 31. Bc4 Qh5 32. Be2 Rxb2 33. Re1 Qe5 34. Qe3 a5 35. Bc4 a4 36. Qc1 a3 37. h3 Qc5 38. Bd5 Qf2 39. Rf1 Qxg2# 0-1


[Site "https://www.chess.com"]

[Event "Titled Tuesday Blitz May 30 Late 2023"]
[White "Campos, Maria Jose"]
[Black "Kavutskiy, Konstantin"]
[WhiteFideId "146803"]
[BlackFideId "2026384"]
[WhiteElo "2170"]
[BlackElo "2323"]
[Result "0-1"]
[Round "06"]
[TimeControl "180+2"]
[Date "2023.05.31"]
[WhiteClock "0:00:32"]
[BlackClock "0:00:08"]

1. c4 g6 2. g3 Bg7 3. Bg2 c5 4. Nc3 Nc6 5. Nf3 d6 6. O-O e6 7. d3 Nge7 8. Rb1 b6 9. a3 Bb7 10. Bg5 h6 11. Bd2 O-O 12. b4 Qd7 13. b5 Ne5 14. Nxe5 dxe5 15. Bxb7 Qxb7 16. Qc1 Kh7 17. a4 f5 18. a5 g5 19. Ra1 Ng6 20. Qd1 Bf6 21. e3 g4 22. Qe2 Nh8 23. e4 Nf7 24. exf5 exf5 25. Nd5 Bg5 26. Bc3 Rae8 27. axb6 axb6 28. Ra6 Bd8 29. Rfa1 Kg8 30. Qd2 Ng5 31. Qb2 Rf7 32. Ra7 Qxa7 33. Rxa7 Rxa7 34. Kg2 Nf3 35. h3 h5 36. hxg4 hxg4 37. Qc1 Rh7 38. Qa3 Rh2+ 39. Kf1 Rh1+ 40. Ke2 Nd4+ 41. Kd2 Bg5+ 42. Ne3 f4 43. gxf4 exf4 44. Bxd4 cxd4 45. Qd6 fxe3+ 46. fxe3 dxe3+ 47. Kc2 Re7 48. Qd5+ Kf8 49. Qa8+ Kg7 50. Qxh1 e2 51. Qe1 Bh4 52. Qxh4 e1=Q 53. Qxg4+ Kf7 54. Qf5+ Ke8 55. Qc8+ Kf7 56. Qf5+ Kg8 57. Qg5+ Rg7 58. Qd8+ Kh7 59. Qxb6 Rg2+ 60. Kb3 Qb1+ 61. Ka4 Ra2# 0-1


[Site "https://www.chess.com"]

[Event "Titled Tuesday Blitz May 30 Late 2023"]
[White "Rose, Felix"]
[Black "Omelja, Artem"]
[WhiteFideId "5105722"]
[BlackFideId "14119846"]
[WhiteElo "2039"]
[BlackElo "2404"]
[Result "1-0"]
[Round "06"]
[TimeControl "180+2"]
[Date "2023.05.31"]
[WhiteClock "0:00:12"]
[BlackClock "0:00:01"]

1. d4 d5 2. Nf3 Nf6 3. e3 e6 4. Bd3 c5 5. c3 Nc6 6. O-O Bd6 7. Nbd2 O-O 8. dxc5 Bxc5 9. e4 dxe4 10. Nxe4 Be7 11. Qe2 b6 12. Nxf6+ Bxf6 13. Qe4 g6 14. Qxc6 Qxd3 15. Bh6 Bd7 16. Qb7 Rfb8 17. Qc7 Rc8 18. Qf4 Qf5 19. Qxf5 exf5 20. Rfd1 Be6 21. Nd4 Bc4 22. b3 Ba6 23. c4 Rd8 24. Nc6 Bxa1 25. Nxd8 Rc8 26. Nxf7 Kxf7 27. Rxa1 Rd8 28. Be3 Rd3 29. h4 Bb7 30. c5 bxc5 31. Bxc5 a6 32. b4 Rd2 33. a4 Bc6 34. b5 axb5 35. axb5 Bxb5 36. Ra7+ Bd7 37. Be3 Rd1+ 38. Kh2 Ke6 39. Kg3 Rd6 40. Ra8 Rc6 41. Rh8 h5 42. Bg5 Rc4 43. f3 Bc6 44. Rf8 Kd7 45. Rf6 Bd5 46. Rxg6 Bf7 47. Rg7 Ke6 48. Rh7 Rc8 49. Rh6+ Ke5 50. Bf4+ Kd5 51. Rd6+ Kc5 52. Rf6 Rg8+ 53. Kf2 Bg6 54. Bg5 Kd5 55. Ke3 Ke5 56. Rb6 Bf7 57. Bf6+ Kd5 58. Kf2 Re8 59. Bg5 Re6 60. Rb5+ Kd4 61. Kg3 Bg6 62. Kf4 Re2 63. Bf6+ Kc4 64. Rb6 Rxg2 65. Bg5 Be8 66. Kxf5 Bd7+ 67. Kf6 Kc5 68. Rb1 Kd5 69. Rd1+ Kc6 70. Bf4 Rf2 71. Rd6+ Kc5 72. Rxd7 Rxf3 73. Kg5 Kc6 74. Rf7 Kd5 75. Rf5+ Ke6 76. Rf6+ Kd7 77. Be5 Re3 78. Rf5 Ke6 79. Bf4 Re1 80. Rf6+ Ke7 81. Ra6 Rf1 82. Ra7+ Ke6 83. Ra6+ Kf7 84. Bg3 Rg1 85. Ra3 Rd1 86. Kxh5 Rd5+ 87. Kg4 Kg6 88. Bf4 Rc5 89. Ra6+ Kh7 90. h5 Rc8 91. Ra7+ Kg8 92. Kf5 Rf8+ 93. Kg5 Rc8 94. Be5 Rc1 95. h6 Rg1+ 96. Kf5 Rf1+ 97. Ke6 Rh1 98. Rg7+ Kf8 99. Bf4 Rh4 100. Kf5 Rh5+ 101. Kg6 Rh1 102. Rf7+ Kg8 103. h7+ 1-0


[Site "https://www.chess.com"]

[Event "Titled Tuesday Blitz May 30 Late 2023"]
[White "Hoffmann, Asa"]
[Black "Bilan, Danila"]
[WhiteFideId "2001470"]
[BlackFideId "24161918"]
[WhiteElo "2117"]
[BlackElo "2182"]
[Result "0-1"]
[Round "06"]
[TimeControl "180+2"]
[Date "2023.05.31"]
[WhiteClock "0:00:32"]
[BlackClock "0:00:21"]

1. d4 d5 2. Bg5 Nf6 3. Nd2 Bf5 4. f3 Bg6 5. c4 c6 6. Qb3 Qd7 7. e3 e6 8. Nh3 h6 9. Bh4 Be7 10. Nf4 Bh7 11. Bg3 O-O 12. Bd3 Na6 13. a3 c5 14. O-O cxd4 15. exd4 dxc4 16. Nxc4 Qxd4+ 17. Kh1 Nc5 18. Bxh7+ Nxh7 19. Qc2 Rac8 20. Rad1 Qf6 21. Qe2 Rfd8 22. b4 Nb3 23. Ne5 Nd4 24. Qe4 Ng5 25. Rxd4 Nxe4 26. Rxe4 Rc2 27. Ng4 Qb2 28. Ne3 Rc1 29. Kg1 Bf6 30. Bf2 Rxf1+ 31. Nxf1 Rd1 32. Re2 Qb1 33. Nh3 Rxf1# 0-1


[Site "https://www.chess.com"]

[Event "Titled Tuesday Blitz May 30 Late 2023"]
[White "Do Nascimento,Christian Almeida"]
[Black "Dragomirescu, Calin"]
[WhiteFideId "2143801"]
[BlackFideId "1200895"]
[WhiteElo "2118"]
[BlackElo "2010"]
[Result "1/2-1/2"]
[Round "06"]
[TimeControl "180+2"]
[Date "2023.05.31"]
[WhiteClock "0:00:09"]
[BlackClock "0:00:30"]

1. c4 g6 2. g3 Bg7 3. Bg2 Nf6 4. Nf3 O-O 5. O-O d6 6. Nc3 c6 7. d4 Nbd7 8. Re1 e5 9. dxe5 Nxe5 10. Nxe5 dxe5 11. b3 Qxd1 12. Rxd1 Bg4 13. Bb2 Rfd8 14. h3 Bf5 15. Na4 e4 16. Nc5 b6 17. Na4 h5 18. Nc3 Nd7 19. Na4 Bxb2 20. Nxb2 Nc5 21. Rxd8+ Rxd8 22. Rd1 Rxd1+ 23. Nxd1 a5 24. Nc3 Kg7 25. Kf1 Kf6 26. Ke1 Ke5 27. Kd2 g5 28. Ke3 Bg6 29. f4+ exf3 30. exf3 f6 31. f4+ gxf4+ 32. gxf4+ Kd6 33. Be4 Bxe4 34. Nxe4+ Nxe4 35. Kxe4 Ke6 36. f5+ Kd6 37. Kd4 b5 38. a3 c5+ 39. Ke4 bxc4 40. bxc4 a4 41. Kf4 Kc6 42. Kg3 Kd6 43. Kh4 Ke5 44. Kxh5 Kxf5 45. h4 Ke4 46. Kg6 f5 47. h5 f4 48. h6 f3 49. h7 f2 50. h8=Q f1=Q 51. Qa8+ Kd4 52. Qd5+ Kc3 53. Qxc5 Qxc4 54. Qe5+ Kb3 55. Qe7 Qd3+ 56. Kg5 Qd2+ 57. Kf5 Qc2+ 58. Kg4 Qb2 59. Qb4+ Ka2 60. Qxa4 Qxa3 61. Qc2+ Qb2 62. Qa4+ Qa3 63. Qc2+ Qb2 64. Qa4+ Qa3 1/2-1/2


[Site "https://www.chess.com"]

[Event "Titled Tuesday Blitz May 30 Late 2023"]
[White "Stachanczyk, Jacek"]
[Black "SergioMoralesG"]
[WhiteFideId "1116657"]
[WhiteElo "2084"]
[BlackElo "2512"]
[Result "0-1"]
[Round "06"]
[TimeControl "180+2"]
[Date "2023.05.31"]
[WhiteClock "0:01:03"]
[BlackClock "0:00:22"]

1. e4 c5 2. Nf3 d6 3. d4 cxd4 4. Nxd4 Nf6 5. Nc3 a6 6. Bg5 Nbd7 7. f4 h6 8. Bh4 e6 9. Qf3 Be7 10. O-O-O Qa5 11. Be2 g5 12. fxg5 hxg5 13. Be1 Ne5 14. Qe3 Qc7 15. Nf3 g4 16. Nxe5 dxe5 17. h4 Bd7 18. g3 O-O-O 19. Bd2 Kb8 20. Qf2 Bc6 21. Rhf1 Nxe4 22. Nxe4 Bxe4 23. Bc3 f5 24. Qe1 Bb4 25. Bxg4 Bxc3 26. bxc3 Qc5 27. Bf3 Rxd1+ 28. Qxd1 Bxf3 29. Qxf3 Rd8 30. h5 Qa3+ 31. Kb1 Rd6 32. Qe3 Rd5 33. Ka1 Ra5 0-1


[Site "https://www.chess.com"]

[Event "Titled Tuesday Blitz May 30 Late 2023"]
[White "Liu, Casper"]
[Black "StarkyNZ"]
[WhiteFideId "1454153"]
[WhiteElo "2221"]
[BlackElo "2313"]
[Result "1-0"]
[Round "06"]
[TimeControl "180+2"]
[Date "2023.05.31"]
[WhiteClock "0:00:39"]
[BlackClock "0:00:34"]

1. a3 d5 2. d4 Bf5 3. Nf3 e6 4. c4 c6 5. c5 Nd7 6. Nc3 Qc7 7. g3 e5 8. b4 e4 9. Bf4 Qc8 10. Nh4 Bg4 11. f3 exf3 12. exf3 Be6 13. Bd3 g6 14. O-O Be7 15. Re1 Bxh4 16. gxh4 h5 17. Ne2 Ngf6 18. Bd6 Kd8 19. Nf4 Nf8 20. Qe2 Qd7 21. Qe5 N8h7 22. Bxg6 Rg8 23. Kh1 Re8 24. Bxh7 Nxh7 25. Qxh5 Nf8 26. Re5 Kc8 27. Rae1 a5 28. Bxf8 Rxf8 29. Nxe6 fxe6 30. Rxe6 axb4 31. Re8+ Rxe8 32. Rxe8+ Kc7 33. Qe5+ 1-0


[Site "https://www.chess.com"]

[Event "Titled Tuesday Blitz May 30 Late 2023"]
[White "Senft, Sean"]
[Black "Figorito, Nick"]
[WhiteFideId "2044960"]
[BlackFideId "30923689"]
[WhiteElo "1989"]
[BlackElo "2331"]
[Result "1-0"]
[Round "06"]
[TimeControl "180+2"]
[Date "2023.05.31"]
[WhiteClock "0:01:19"]
[BlackClock "0:00:28"]

1. d4 Nf6 2. c4 g6 3. Nc3 d5 4. Bg5 Ne4 5. Bh4 Nxc3 6. bxc3 Bg7 7. e3 c6 8. Nf3 O-O 9. cxd5 cxd5 10. Be2 Nc6 11. O-O Bf5 12. Rc1 Rc8 13. Qb3 Na5 14. Qa4 Bd7 15. Qd1 Re8 16. Nd2 Bf5 17. c4 dxc4 18. Nxc4 Nxc4 19. Bxc4 Qd7 20. Qb3 a6 21. Bxf7+ Kh8 22. Bxe8 Rxe8 23. Qb4 h6 24. h3 g5 25. Bg3 Bf6 26. Rc7 Qd5 27. Qb3 Qe4 28. Qxb7 Qd3 29. Be5 Bxe5 30. dxe5 Be4 31. Qb6 Qd5 32. Qxh6+ Kg8 33. Qxg5+ Kf7 34. f3 Bg6 35. e4 Qe6 36. Re1 Rg8 37. Qf4+ Kg7 38. Rb1 Rf8 39. Qg3 Kh8 40. Rbb7 Rf7 41. Qg5 Rg7 42. Rxe7 Rxe7 43. Rxe7 1-0


[Site "https://www.chess.com"]

[Event "Titled Tuesday Blitz May 30 Late 2023"]
[White "Skuhala, Barbara"]
[Black "Ljukin, Sergei"]
[WhiteFideId "14605465"]
[BlackFideId "14102200"]
[WhiteElo "2072"]
[BlackElo "2312"]
[Result "1-0"]
[Round "06"]
[TimeControl "180+2"]
[Date "2023.05.31"]
[WhiteClock "0:01:35"]
[BlackClock "0:00:03"]

1. e4 e6 2. d4 d5 3. Nc3 Bb4 4. e5 Ne7 5. Bd2 b6 6. Nce2 Bxd2+ 7. Qxd2 c5 8. c3 Ba6 9. g3 Nbc6 10. Bg2 Nf5 11. f4 O-O 12. Nf3 Bxe2 13. Qxe2 cxd4 14. O-O dxc3 15. bxc3 Rc8 16. Rac1 Qe7 17. Kh1 Qc5 18. Rfe1 Qe7 19. Qf2 h5 20. h3 h4 21. gxh4 Qc5 22. Qxc5 bxc5 23. h5 Ng3+ 24. Kh2 Nxh5 25. h4 Nxf4 26. Bf1 Rb8 27. Kg3 Ng6 28. h5 Nge7 29. Bd3 Rb2 30. Kf4 f6 31. Kg3 f5 32. Kf4 Rxa2 33. Rg1 Ra4+ 34. Ke3 d4+ 35. cxd4 cxd4+ 36. Kf2 Nb4 37. Bc4 Ned5 38. Nxd4 Na2 39. Bxa2 Rxa2+ 40. Kf3 Ra3+ 41. Kf2 Nf4 42. Rc7 Nh3+ 43. Kg2 Nxg1 44. Nxe6 Rf7 45. Rc8+ Kh7 46. Ng5+ Kh6 47. Nxf7+ Kxh5 48. Kxg1 Re3 49. Kf2 f4 50. Rc5 Kg4 51. Rc6 g5 52. e6 Kf5 53. Nh6+ Kf6 54. Ng4+ Ke7 55. Nxe3 fxe3+ 56. Kxe3 1-0


[Site "https://www.chess.com"]